[Event "42nd Olympiad Baku 2016 Open"]
[Site "Baku"]
[Date "2016.09.08"]
[Round "6.10"]
[White "Mchedlishvili, Mikheil"]
[Black "Laznicka, Viktor"]
[Result "1/2-1/2"]
[ECO "E42"]
[WhiteElo "2609"]
[BlackElo "2651"]
[Annotator ""]
[PlyCount "62"]
[EventDate "2016.??.??"]
[EventCountry "AZE"]
[SourceTitle "playchess.com"]
[Source "ChessBase"]
[WhiteTeam "Georgia"]
[BlackTeam "Czech Republic"]
[WhiteTeamCountry "GEO"]
[BlackTeamCountry "CZE"]
[TimeControl "40/5400+30:1800+30"]

1. d4 {(00:00} Nf6 {(00:00} 2. c4 {(00:15} e6 {(
00:00} 3. Nc3 {(01:22} Bb4 {(00:00} 4. e3 {(00:48} c5
{(00:40} 5. Nge2 {(01:19} cxd4 {(05:35} 6. exd4 {
(00:42} d5 {(00:39} 7. a3 {(01:59} Bxc3+ {(04:
10} 8. Nxc3 {(00:12} dxc4 {(00:06} 9. Bxc4 {(00:25}
Nc6 {(00:02} 10. Be3 {(01:33} O-O {(06:15} 11. O-O {
(01:38} h6 {(01:24} 12. Re1 {(09:46} Ne7 {(03:
57} 13. Qf3 {(13:08} Nfd5 {(11:51} 14. Rad1 {(05:21}
Bd7 {(02:20} 15. Bxd5 {(04:51} Nxd5 {(01:28} 16. Nxd5 {
(01:07} exd5 {(00:27} 17. Qxd5 {(02:09} Ba4 {(
01:09} 18. Qxd8 {(00:14} Rfxd8 {(00:13} 19. Rc1 {(00:
59} Bc6 {(00:26} 20. Rc5 {(04:51} Rd5 {(03:35} 21.
Rxd5 {(07:50} Bxd5 {(01:12} 22. Rc1 {(00:17} Bc6 {
(00:42} 23. h4 {(00:49} a6 {(00:44} 24. f3 {(02:
16} Rd8 {(00:31} 25. Kf2 {(03:32} Rd5 {(00:54} 26. g4
{(05:55} h5 {(00:37} 27. Kg3 {(03:02} f6 {(00:
42} 28. b4 {(05:25} Kf7 {(00:23} 29. Rc3 {(01:32} Ke6
{(00:46} 30. Rc5 {(03:12} Rxc5 {(00:35} 31. dxc5 {
(00:10} g6 {(00:09} 1/2-1/2

[Event "42nd Olympiad Baku 2016 Open"]
[Site "Baku"]
[Date "2016.09.08"]
[Round "6.15"]
[White "McNab, Colin A"]
[Black "Lorne, Malaku"]
[Result "1-0"]
[ECO "A26"]
[WhiteElo "2434"]
[BlackElo "2161"]
[Annotator ""]
[PlyCount "99"]
[EventDate "2016.??.??"]
[EventCountry "AZE"]
[SourceTitle "playchess.com"]
[Source "ChessBase"]
[WhiteTeam "Scotland"]
[BlackTeam "Jamaica"]
[WhiteTeamCountry "SCO"]
[BlackTeamCountry "JAM"]
[TimeControl "40/5400+30:1800+30"]

1. c4 {(00:00} e5 {(00:00} 2. Nc3 {(00:00} Nc6 {
(00:18} 3. g3 {(00:45} g6 {(00:54} 4. Bg2 {(00:
20} Bg7 {(00:17} 5. d3 {(00:38} d6 {(01:05} 6. e4 {
(00:49} Nd4 {(01:10} 7. Nce2 {(02:54} Ne7 {(01:
03} 8. Nxd4 {(01:36} exd4 {(00:10} 9. Ne2 {(01:40} O-O
{(00:27} 10. O-O {(00:43} c5 {(07:51} 11. a3 {(
14:53} a5 {(02:58} 12. Rb1 {(01:18} Nc6 {(03:51} 13.
Nf4 {(01:33} Rb8 {(02:41} 14. Bd2 {(09:00} b5 {(
10:04} 15. cxb5 {(01:02} Rxb5 {(00:36} 16. Qa4 {(00:46]
} Qb6 {(10:17} 17. b4 {(08:55} axb4 {(13:02} 18. axb4 {
(01:54} Nxb4 {(13:31} 19. Nd5 {(04:07} Qa6 {(04:
33} 20. Qxa6 {(05:03} Bxa6 {(00:11} 21. Bxb4 {(02:06}
cxb4 {(00:53} 22. Nc7 {(04:55} Rb6 {(00:27} 23. Nxa6 {
(00:33} Rxa6 {(00:07} 24. Rxb4 {(00:06} Ra3 {(
01:58} 25. Rd1 {(00:28} g5 {(06:06} 26. Bh3 {(02:14}
Be5 {(02:17} 27. Bd7 {(02:17} Rfa8 {(02:52} 28. Bb5 {
(00:52} Ra1 {(01:37} 29. Rxa1 {(00:12} Rxa1+ {(
00:06} 30. Kg2 {(00:05} Kg7 {(00:30} 31. Bc4 {(01:05}
Ra7 {(00:14} 32. Rb1 {(11:18} Kg6 {(01:35} 33. h3 {
(05:20} Re7 {(03:32} 34. Rf1 {(04:37} f5 {(02:
00} 35. exf5+ {(01:14} Kxf5 {(00:08} 36. Bd5 {(00:26}
Rg7 {(01:23} 37. Ra1 {(03:30} Re7 {(04:57} 38. Ra8 {
(01:35} Kf6 {(01:03} 39. Kf3 {(03:11} Kg6 {(01:
30} 40. Be4+ {(00:00} Kg7 {(00:00} 41. Kg4 {(03:47}
Rf7 {(07:50} 42. f3 {(01:10} Rc7 {(09:31} 43. h4 {
(06:44} gxh4 {(00:40} 44. Kxh4 {(01:09} h6 {(02:
31} 45. f4 {(00:41} Bf6+ {(00:12} 46. Kg4 {(00:23} Kf7
{(01:23} 47. Bd5+ {(01:51} Ke7 {(01:39} 48. Kf5 {
(00:41} Bg7 {(02:22} 49. Kg6 {(03:28} Bf6 {(04:
44} 50. Bf7 {(01:51} 1-0

[Event "42nd Olympiad Baku 2016 Open"]
[Site "Baku"]
[Date "2016.09.08"]
[Round "6.1"]
[White "Mdoe, Yusuf"]
[Black "Phillips, Roy"]
[Result "1/2-1/2"]
[ECO "A43"]
[WhiteElo "1758"]
[BlackElo "2234"]
[Annotator ""]
[PlyCount "128"]
[EventDate "2016.??.??"]
[EventCountry "AZE"]
[SourceTitle "playchess.com"]
[Source "ChessBase"]
[WhiteTeam "Tanzania"]
[BlackTeam "Mauritius"]
[WhiteTeamCountry "TAN"]
[BlackTeamCountry "MRI"]
[TimeControl "40/5400+30:1800+30"]

1. d4 {(00:00} g6 {(00:00} 2. c4 {(00:00} Bg7 {(
00:00} 3. Nc3 {(00:03} c5 {(00:36} 4. d5 {(00:36}
Bxc3+ {(00:30} 5. bxc3 {(00:14} f5 {(00:03} 6. f3 {
(00:53} Nf6 {(13:48} 7. e4 {(00:20} fxe4 {(00:
18} 8. Qc2 {(02:20} e3 {(12:16} 9. Bxe3 {(00:23} d6 {
(00:02} 10. Bd3 {(00:30} Qa5 {(00:02} 11. Ne2 {(
01:23} Nbd7 {(01:12} 12. O-O {(00:26} Ne5 {(01:07} 13.
h3 {(00:17} Bd7 {(08:44} 14. Ng3 {(06:36} Ba4 {(
08:38} 15. Qd2 {(00:30} Qa6 {(06:14} 16. Qe2 {(06:18}
Nxd5 {(04:39} 17. Bg5 {(11:37} Nxd3 {(19:05} 18. Qxd3 {
(00:23} Nb6 {(00:47} 19. Rfe1 {(04:17} O-O-O {(
00:45} 20. Bxe7 {(01:01} Rd7 {(00:30} 21. Ne4 {(07:56}
Nxc4 {(01:33} 22. Bxd6 {(05:33} Nxd6 {(05:42} 23. Qxa6
{(00:33} bxa6 {(00:01} 24. Nxc5 {(00:35} Bb5 {(
05:44} 25. Nxd7 {(01:07} Kxd7 {(00:04} 26. Re3 {(01:52]
} Bc4 {(03:01} 27. Rd1 {(00:55} Rb8 {(02:33} 28. a4 {
(01:11} Rb2 {(00:48} 29. Rd4 {(02:00} h5 {(00:
43} 30. h4 {(00:45} Rb1+ {(02:19} 31. Kh2 {(03:52} Rb2
{(00:38} 32. Re1 {(05:01} Kc6 {(00:32} 33. Re7 {
(03:20} Bd5 {(02:49} 34. Rg7 {(03:06} Kc5 {(00:
38} 35. Rxg6 {(00:34} Nf5 {(00:02} 36. Rf4 {(01:27}
Ne3 {(00:02} 37. Rg5 {(01:32} Kd6 {(00:43} 38. Rd4 {
(01:36} Kc6 {(00:59} 39. Rf4 {(06:22} a5 {(00:
40} 40. Rf6+ {(00:00} Kc5 {(00:00} 41. Ra6 {(01:19}
Kc4 {(06:48} 42. Kg1 {(00:34} Kd3 43. Rxa5 {(01:35} Bc6
{(14:13} 44. Rxa7 {(00:55} Ng4 {(00:23} 45. fxg4 {
(02:01} Rxg2+ {(00:07} 46. Kf1 {(00:48} hxg4 {(
00:05} 47. Rag7 {(01:50} Bf3 {(00:07} 48. a5 {(04:24}
Ke3 {(01:14} 49. a6 {(01:55} Ra2 {(02:25} 50. Re5+ {
(00:26} Kf4 {(00:17} 51. Re6 {(04:26} Ra1+ {(00:
53} 52. Kf2 {(00:42} g3+ {(01:32} 53. Rxg3 {(00:08}
Ra2+ {(00:03} 54. Ke1 {(06:15} Kxg3 {(00:01} 55. c4 {
(02:18} Kxh4 {(01:11} 56. c5 {(00:28} Kg3 {(00:
33} 57. Rb6 {(02:24} Rc2 {(02:27} 58. Rg6+ {(05:09}
Kf4 {(00:37} 59. Rf6+ {(06:05} Ke3 {(01:55} 60. Re6+ {
(00:51} Be4 {(00:28} 61. Kd1 {(01:09} Rd2+ {(01:
34} 62. Kc1 {(00:23} Rc2+ {(00:05} 63. Kb1 {(00:22}
Rxc5+ {(00:17} 64. Kb2 {(00:28} Rc6 {(01:55} 1/2-1/2

[Event "42nd Olympiad Baku 2016 Open"]
[Site "Baku"]
[Date "2016.09.08"]
[Round "6.14"]
[White "Meftahi, Houssem"]
[Black "Chon, Yongjoon"]
[Result "1/2-1/2"]
[ECO "B40"]
[WhiteElo "2119"]
[BlackElo "2025"]
[Annotator ""]
[PlyCount "146"]
[EventDate "2016.??.??"]
[EventCountry "AZE"]
[SourceTitle "playchess.com"]
[Source "ChessBase"]
[WhiteTeam "Tunisia"]
[BlackTeam "Korea"]
[WhiteTeamCountry "TUN"]
[BlackTeamCountry "KOR"]
[TimeControl "40/5400+30:1800+30"]

1. e4 {(00:00} c5 {(00:00} 2. Nf3 {(00:00} e6 {(
00:00} 3. d3 {(03:51} Nc6 {(00:34} 4. g3 {(00:04} Nf6
{(01:08} 5. Bg2 {(00:04} Be7 {(00:30} 6. O-O {(
00:31} O-O {(00:58} 7. Nbd2 {(02:45} d6 {(00:52} 8.
Re1 {(02:43} Bd7 {(03:22} 9. Nf1 {(03:47} Qc7 {(
05:33} 10. h4 {(04:48} Rac8 {(10:01} 11. Bg5 {(21:56}
Rfd8 {(13:29} 12. N3h2 {(15:49} h6 {(22:18} 13. Bf4 {
(05:20} e5 {(05:53} 14. Be3 {(04:17} Be8 {(02:
46} 15. g4 {(04:04} Nh7 {(01:43} 16. Nf3 {(05:37} Nd4
{(00:09} 17. N1h2 {(04:52} g5 {(07:05} 18. hxg5 {
(00:47} hxg5 {(00:27} 19. Nf1 Nf8 {(06:12} 20. Nxg5 {
(06:33} Ng6 {(00:30} 21. c3 {(01:27} Ne6 {(00:
21} 22. Nxe6 {(00:32} fxe6 {(00:02} 23. Ng3 {(06:56}
Nf4 {(01:21} 24. Nh5 {(02:56} Bxh5 {(00:55} 25. Bxf4 {
(00:38} exf4 {(00:43} 26. gxh5 {(00:02} Kh8 {(
00:02} 27. Qg4 {(01:15} e5 {(00:26} 28. Kf1 {(01:10}
Rg8 {(00:35} 29. Qe6 {(00:05} Bh4 {(01:25} 30. Qh6+ {
(00:51} Qh7 {(00:30} 31. Qxh7+ {(00:15} Kxh7 {(
00:01} 32. Bh3 {(00:05} Rc7 {(02:50} 33. Bf5+ {(00:23}
Kh6 {(01:10} 34. Bg6 {(00:59} f3 {(02:42} 35. Re3 {
(00:18} Rf8 {(00:02} 36. Bf5 {(00:08} Kxh5 {(00:
47} 37. Rxf3 {(00:01} Rh8 {(03:16} 38. Ke2 {(00:04}
Kg5 {(01:31} 39. Rh1 {(00:12} Re7 {(01:16} 40. Rg3+ {
(00:00} Bxg3 {(00:00} 41. Rxh8 {(02:54} Bh4 {(
01:08} 42. Rg8+ {(14:54} Kh5 {(02:26} 43. Kf3 {(01:19}
Rf7 {(01:27} 44. Rh8+ {(00:34} Kg5 {(00:07} 45. Rd8 {
(00:17} Kh6 {(04:37} 46. Rxd6+ {(00:13} Bf6 {(
00:03} 47. d4 {(07:34} cxd4 {(01:35} 48. cxd4 {(00:01}
Kg7 {(03:37} 49. d5 {(03:09} Rc7 {(00:50} 50. Kg4 {
(00:24} Kf7 {(00:42} 51. b3 {(01:35} Be7 {(00:
57} 52. Rd7 {(01:14} Rxd7 {(00:19} 53. Bxd7 {(00:00}
Kf6 {(00:18} 54. Kf3 {(00:41} b6 {(02:27} 55. Bc8 {
(00:43} Bc5 {(02:20} 56. Ba6 {(00:02} Ke7 {(00:
36} 57. Ke2 {(01:26} Kd6 {(00:10} 58. f3 {(00:08} Ba3
59. Kd3 Bc1 {(02:09} 60. Kc4 {(00:06} Be3 {(00:29} 61.
Kb5 {(00:21} Kc7 {(00:31} 62. b4 {(00:22} Bd4 {(
00:19} 63. Ka4 {(01:06} Kd6 {(02:45} 64. Bf1 {(00:46}
Bc3 {(00:17} 65. Kb5 {(00:48} Bd2 {(00:11} 66. a3 {
(00:57} Bc1 {(00:06} 67. a4 {(01:37} Bd2 {(00:
21} 68. Kc4 {(00:06} a5 {(01:01} 69. Kb5 {(00:05} Bxb4
{(00:13} 70. Kxb6 {(00:27} Bd2 {(00:09} 71. Kb5 {
(00:32} Bc3 {(00:13} 72. Kc4 {(00:27} Bd2 {(00:
07} 73. Kd3 {(00:10} Bf4 {(00:15} 1/2-1/2

[Event "42nd Olympiad Baku 2016 Open"]
[Site "Baku"]
[Date "2016.09.08"]
[Round "6.30"]
[White "Mehmeti, Dritan"]
[Black "Calicoca, Wilton Inacio"]
[Result "1/2-1/2"]
[ECO "D00"]
[WhiteElo "2415"]
[BlackElo "2190"]
[Annotator ""]
[PlyCount "122"]
[EventDate "2016.??.??"]
[EventCountry "AZE"]
[SourceTitle "playchess.com"]
[Source "ChessBase"]
[WhiteTeam "Albania"]
[BlackTeam "Mozambique"]
[WhiteTeamCountry "ALB"]
[BlackTeamCountry "MOZ"]
[TimeControl "40/5400+30:1800+30"]

1. d4 {(00:00} d5 {(00:00} 2. Bg5 {(00:00} Nf6 {
(01:55} 3. Nd2 {(01:37} c5 {(07:00} 4. dxc5 {(
04:55} Qa5 {(01:00} 5. Ngf3 {(04:06} Nc6 {(03:58} 6.
c3 {(06:01} Qxc5 {(00:21} 7. e3 {(01:20} h6 {(
04:55} 8. Nb3 {(06:29} Qd6 {(01:58} 9. Bh4 {(02:57}
Ne4 {(08:31} 10. Nfd2 {(08:27} Nf6 {(12:46} 11. Bg3 {
(02:53} e5 {(00:49} 12. Nd4 {(05:17} g6 {(04:09]
} 13. h3 {(05:21} Bg7 {(01:22} 14. Bb5 {(13:01} O-O {
(00:45} 15. O-O {(00:22} Nxd4 {(05:41} 16. cxd4 {
(07:23} Qb6 {(00:24} 17. Ba4 {(10:11} exd4 {(07:
47} 18. exd4 {(00:05} Bf5 {(00:37} 19. Be5 {(06:37}
Qxb2 {(02:18} 20. Re1 {(01:18} Ne4 {(06:30} 21. Bxg7 {
(01:36} Kxg7 {(00:32} 22. Nxe4 {(00:22} Bxe4 {(
00:33} 23. Bb3 {(04:17} Rfd8 {(00:55} 24. f3 {(02:15}
Bf5 {(00:28} 25. g4 {(00:54} Be6 {(00:25} 26. Rb1 {
(00:37} Qa3 {(00:45} 27. f4 {(02:03} Qd6 {(03:
49} 28. Qf3 {(00:11} h5 {(03:30} 29. gxh5 {(01:49} Rh8
{(00:14} 30. Re5 {(00:23} f6 {(01:26} 31. Rxe6 {
(02:06} Qxe6 {(00:13} 32. Bxd5 {(00:05} Qf5 {(
03:53} 33. Rxb7+ {(00:05} Kh6 {(00:28} 34. hxg6 {(00:
09} Qxg6+ {(00:58} 35. Qg4 {(00:23} Rad8 {(04:48} 36.
Be4 {(00:00} Qxg4+ {(00:00} 37. hxg4 {(00:00} Rxd4 {
(00:00} 38. Re7 {(00:00} Rd1+ {(07:24} 39. Kf2 {
(00:00} Rd2+ {(00:07} 40. Kg3 {(00:00} Rxa2 {(
00:03} 41. Rf7 {(08:28} a5 {(31:01} 42. Rxf6+ {(02:09}
Kg7 {(00:04} 43. g5 {(01:06} Rd8 {(02:21} 44. Rg6+ {
(09:17} Kf7 {(00:14} 45. Rf6+ {(01:36} Kg7 {(02:
50} 46. Re6 {(00:47} Rd4 {(00:42} 47. f5 {(01:19} Re2
{(02:09} 48. f6+ {(00:55} Kf8 {(00:08} 49. Kf3 {
(01:12} Re1 {(01:07} 50. g6 {(09:06} Rdxe4 {(00:
27} 51. Rxe4 {(00:31} Rf1+ {(00:13} 52. Kg4 {(00:06}
Rxf6 {(00:08} 53. Kg5 {(00:13} Rf1 {(00:31} 54. Rh4 {
(00:31} Rg1+ {(00:36} 55. Kh6 {(00:08} Kg8 {(00:
35} 56. Rf4 {(00:02} Rh1+ {(00:04} 57. Kg5 {(00:02}
Kg7 {(00:43} 58. Rf7+ {(00:05} Kg8 {(00:01} 59. Rf5 {
(00:06} Kg7 {(00:45} 60. Rxa5 {(00:13} Rg1+ {(
00:02} 61. Kh5 {(00:02} Rh1+ {(00:35} 1/2-1/2

[Event "42nd Olympiad Baku 2016 Open"]
[Site "Baku"]
[Date "2016.09.08"]
[Round "6.8"]
[White "Merritt, Mario"]
[Black "Min, Po-Yen"]
[Result "0-1"]
[ECO "A20"]
[WhiteElo "2154"]
[BlackElo "1842"]
[Annotator ""]
[PlyCount "136"]
[EventDate "2016.??.??"]
[EventCountry "AZE"]
[SourceTitle "playchess.com"]
[Source "ChessBase"]
[WhiteTeam "TTO"]
[BlackTeam "Taiwan"]
[BlackTeamCountry "TPE"]
[TimeControl "40/5400+30:1800+30"]

1. c4 {(00:00} e5 {(00:00} 2. g3 {(00:00} Nf6 {(
00:00} 3. Bg2 {(00:00} c6 {(00:01} 4. d4 {(00:06} exd4
{(00:39} 5. Qxd4 {(00:09} d5 {(00:30} 6. Nf3 {(
00:15} dxc4 {(02:11} 7. Qxd8+ {(00:43} Kxd8 {(00:07}
8. O-O {(00:04} Be6 {(00:34} 9. Rd1+ {(05:56} Nbd7 {
(00:31} 10. Ng5 {(00:42} Ke8 {(10:38} 11. Nxe6 {
(01:00} fxe6 {(00:07} 12. Na3 {(38:46} Nb6 {(04:
23} 13. Be3 {(02:02} c3 {(02:04} 14. Nc2 {(05:07} cxb2
{(02:18} 15. Rab1 {(00:14} Nc4 {(09:03} 16. Rd4 {
(02:29} Nxe3 {(01:09} 17. Nxe3 {(00:09} Bc5 {(
11:12} 18. Rd3 {(00:17} Nd5 {(04:50} 19. Nd1 {(07:07}
Ke7 {(03:36} 20. Nxb2 {(03:38} Nb6 {(06:43} 21. a4 {
(04:15} a5 {(03:26} 22. Rc1 {(15:09} Bb4 {(00:
53} 23. Bh3 {(01:21} Rhd8 {(09:45} 24. Re3 {(00:56}
Rd6 {(00:12} 25. Nc4 {(00:20} Nxc4 {(00:37} 26. Rxc4 {
(00:12} Kd7 {(04:14} 27. Rh4 {(06:18} h6 {(01:
06} 28. Rg4 {(01:24} g5 {(01:03} 29. Rge4 {(00:09} Re8
{(00:36} 30. Bg4 {(00:02} Re7 {(18:57} 31. Re5 {
(02:06} Bd2 {(01:44} 32. Rb3 {(01:21} Kc7 {(00:
22} 33. Rf3 {(01:02} Rd4 {(01:20} 34. Rxe6 {(00:17}
Rxe6 {(00:08} 35. Bxe6 {(00:01} Rxa4 {(00:01} 36. Rf7+
{(01:22} Kb8 {(01:40} 37. Rd7 {(01:35} Re4 {(00:
39} 38. Rxd2 {(00:35} Rxe6 {(00:01} 39. Ra2 {(00:42}
b6 {(00:28} 40. Kg2 {(00:00} c5 {(00:00} 41. f4 {
(00:17} gxf4 {(02:11} 42. gxf4 {(00:03} Kc7 {(
00:20} 43. Kf3 {(00:05} c4 {(01:31} 44. e4 {(00:04} c3
{(01:23} 45. Ke3 {(00:18} Rc6 {(00:07} 46. Kd3 {
(00:08} b5 {(00:29} 47. e5 {(01:03} b4 {(02:56}
48. Kc2 {(00:16} Rc5 {(10:23} 49. Ra1 {(01:05} Kd7 {
(00:36} 50. Kb3 {(10:44} Ke6 {(04:56} 51. Re1 {(
02:48} Rc7 {(02:18} 52. Ra1 {(07:45} Kf5 {(01:41} 53.
Rf1 {(00:25} Rc8 {(03:38} 54. Re1 {(00:44} Kxf4 {
(05:31} 55. e6 {(00:14} Re8 {(00:31} 56. e7 {(
04:56} Kf5 {(00:06} 57. Ra1 {(00:13} Rxe7 {(00:30} 58.
Rxa5+ {(00:01} Kg4 {(00:47} 59. Rc5 {(03:54} Re4 {
(00:29} 60. Rc6 {(00:39} h5 {(00:12} 61. Rh6 {(
00:55} h4 {(00:17} 62. Rf6 {(00:25} Kh3 {(00:52} 63.
Rf2 {(00:40} Rg4 {(00:08} 64. Re2 {(01:58} Rg2 {
(00:36} 65. Re3+ {(00:07} Kxh2 {(00:09} 66. Kxb4 {
(00:04} c2 {(00:09} 67. Rc3 {(00:13} h3 {(00:04]
} 68. Kc4 {(00:43} Kg1 {(00:09} 0-1

[Event "42nd Olympiad Baku 2016 Open"]
[Site "Baku"]
[Date "2016.09.08"]
[Round "6.29"]
[White "Meshkov, Yuri A"]
[Black "Kongsee, Uaychai"]
[Result "1-0"]
[ECO "B17"]
[WhiteElo "2354"]
[BlackElo "2285"]
[Annotator ""]
[PlyCount "107"]
[EventDate "2016.??.??"]
[EventCountry "AZE"]
[SourceTitle "playchess.com"]
[Source "ChessBase"]
[WhiteTeam "IBCA"]
[BlackTeam "THA"]
[WhiteTeamCountry "RUS"]
[BlackTeamCountry "THA"]
[TimeControl "40/5400+30:1800+30"]

1. e4 {(00:00} c5 {(00:00} 2. Nf3 {(00:00} d6 3. Bb5+
Bd7 {(00:46} 4. Bxd7+ {(02:01} Qxd7 {(00:01} 5. c4 Nc6
{(01:45} 6. Nc3 {(11:21} g6 {(00:45} 7. d4 {(05:
53} cxd4 {(00:01} 8. Nxd4 Bg7 {(00:13} 9. Be3 {(03:09}
Nf6 {(01:07} 10. f3 {(00:59} O-O {(00:24} 11. O-O {
(11:47} a6 {(00:23} 12. Na4 {(17:55} Qc7 {(09:
42} 13. Nxc6 {(01:46} Qxc6 {(03:54} 14. Nb6 {(00:35}
Rad8 {(01:21} 15. Rf2 Nd7 {(02:07} 16. Nd5 {(08:05}
Rfe8 {(00:48} 17. Rc1 e6 {(01:43} 18. Nb4 {(06:35} Qc7
{(00:02} 19. Rd2 a5 {(09:03} 20. Nd3 {(01:36} b6 {
(00:02} 21. Nf2 {(06:46} Nc5 {(01:35} 22. Bd4 e5 {
(06:38} 23. Be3 {(01:39} f5 {(02:06} 24. Rd5 {(
02:19} Rf8 {(05:18} 25. Bxc5 {(01:37} bxc5 {(00:23}
26. Qd2 Bf6 {(05:36} 27. Rc3 {(01:20} Be7 {(01:45} 28.
Ra3 Ra8 {(00:11} 29. exf5 {(05:44} gxf5 {(00:09} 30. f4
{(00:00} exf4 {(11:09} 31. Qxf4 {(06:07} Rae8 {(
00:32} 32. Kf1 {(02:44} Bf6 {(02:18} 33. Rxf5 {(00:40}
Qe7 {(00:48} 34. g3 {(00:04} Qe2+ {(02:22} 35. Kg2 {
(01:31} Bxb2 {(05:41} 36. Re3 {(00:41} Rxf5 {(
02:57} 37. Rxe2 Rxf4 {(00:11} 38. Rxe8+ {(02:48} Rf8 39. Rxf8+
{(00:18} Kxf8 {(00:36} 40. Kf3 Ke7 {(01:59} 41. Ke4 {
(00:43} Bd4 {(04:27} 42. Nd3 {(04:13} Bg1 {(00:
28} 43. h3 {(00:09} Bh2 {(00:28} 44. g4 Kf6 {(02:48}
45. Ne1 {(04:36} h6 {(00:01} 46. Nf3 {(03:29} Bg3 {
(00:09} 47. Kd5 Bf4 {(02:13} 48. a4 {(00:20} Bg3 {
(00:07} 49. Nd2 {(06:24} Kg5 {(00:09} 50. Ne4+ {
(00:10} Kh4 {(00:05} 51. Nxg3 {(00:09} Kxg3 {(
00:05} 52. Kxd6 {(00:06} Kxh3 {(00:08} 53. Kxc5 {(00:
31} Kxg4 {(00:05} 54. Kb6 1-0

[Event "42nd Olympiad Baku 2016 Open"]
[Site "Baku"]
[Date "2016.09.08"]
[Round "6.40"]
[White "Meskovs, Nikita"]
[Black "Ismagambetov, Anuar"]
[Result "1/2-1/2"]
[ECO "A21"]
[WhiteElo "2476"]
[BlackElo "2542"]
[Annotator ""]
[PlyCount "113"]
[EventDate "2016.??.??"]
[EventCountry "AZE"]
[SourceTitle "playchess.com"]
[Source "ChessBase"]
[WhiteTeam "Latvia"]
[BlackTeam "Kazakhstan"]
[WhiteTeamCountry "LAT"]
[BlackTeamCountry "KAZ"]
[TimeControl "40/5400+30:1800+30"]

1. c4 {(00:00} e5 {(00:05} 2. Nc3 {(00:00} d6 {(
00:10} 3. Nf3 {(02:33} f5 {(05:14} 4. e4 {(03:52} c5 {
(05:19} 5. d3 {(12:36} Nc6 {(00:59} 6. g3 {(00:
54} Nf6 {(01:08} 7. Bg2 {(01:44} Be7 {(00:45} 8. O-O {
(01:57} O-O {(02:02} 9. exf5 {(01:01} Bxf5 {(00:
16} 10. Ng5 {(00:38} Qd7 {(09:19} 11. Nd5 {(03:00} h6
{(07:45} 12. Nxf6+ {(08:14} Bxf6 {(01:09} 13. Ne4 {
(00:41} Rae8 {(01:48} 14. Be3 {(02:23} Kh8 {(09:
53} 15. a3 {(07:08} a5 {(03:40} 16. Qa4 {(03:03} Be7 {
(02:04} 17. Rad1 {(06:33} Rb8 {(08:06} 18. Nc3 {
(05:54} Bg5 {(02:10} 19. Nd5 {(09:58} Bh3 {(05:
51} 20. Rde1 {(04:41} Bxg2 {(05:01} 21. Kxg2 {(00:19}
Qg4 {(00:18} 22. f3 {(03:21} Qf5 {(00:38} 23. Qd1 {
(01:31} Bxe3 {(00:38} 24. Nxe3 {(00:41} Qg6 {(
00:43} 25. Nd5 {(05:08} b5 {(03:13} 26. Rf2 {(00:39}
bxc4 {(01:55} 27. dxc4 {(00:02} Nd4 {(00:01} 28. Re3 {
(01:20} Rb7 {(02:51} 29. Nc3 {(04:50} Rbf7 {(03:
00} 30. Nb5 {(02:00} Nf5 {(00:36} 31. Re4 {(01:13} Nd4
{(00:57} 32. Re3 {(00:01} Qg5 {(03:08} 33. Qd3 {
(02:51} Nf5 {(04:07} 34. Re4 {(00:14} Rf6 {(00:
33} 35. Qd2 {(01:13} Qg6 {(00:45} 36. Rg4 {(01:50} Qf7
{(01:09} 37. Re4 {(01:59} Qg6 {(02:48} 38. Rg4 {
(00:10} Qh5 {(00:26} 39. h3 {(01:10} Qf7 {(00:
37} 40. b3 {(00:00} e4 {(00:00} 41. Qe1 {(11:22} exf3+
{(11:23} 42. Kh2 {(01:32} Ne7 {(00:54} 43. Re4 {
(05:29} Nc6 {(02:03} 44. Qd2 {(02:06} Qd7 {(03:
59} 45. Qd5 {(01:29} Ne7 {(03:59} 46. Qd3 {(00:56} Ng6
{(01:14} 47. Qd5 {(01:07} R8f7 {(01:41} 48. Re3 {
(01:31} Ne7 {(03:52} 49. Qa8+ {(01:40} Rf8 {(00:
24} 50. Qxa5 {(01:15} Ng6 {(01:14} 51. Qd2 {(00:28} h5
{(03:02} 52. Qd5 {(01:26} h4 {(00:10} 53. Qh5+ {
(02:20} Kg8 {(00:06} 54. Qd5+ {(00:15} Kh7 {(00:
15} 55. Qh5+ {(00:34} Kg8 {(00:05} 56. Qd5+ {(00:04}
Kh7 {(00:48} 57. Qh5+ {(00:37} 1/2-1/2

[Event "42nd Olympiad Baku 2016 Open"]
[Site "Baku"]
[Date "2016.09.08"]
[Round "6.36"]
[White "Michel Yunis, Christian D"]
[Black "Parraga, Alejandro"]
[Result "1-0"]
[ECO "E11"]
[WhiteElo "2234"]
[BlackElo "2173"]
[Annotator ""]
[PlyCount "63"]
[EventDate "2016.??.??"]
[EventCountry "AZE"]
[SourceTitle "playchess.com"]
[Source "ChessBase"]
[WhiteTeam "Palestine"]
[BlackTeam "Bolivia"]
[WhiteTeamCountry "PLE"]
[BlackTeamCountry "BOL"]
[TimeControl "40/5400+30:1800+30"]

1. d4 {(00:00} Nf6 {(00:00} 2. c4 {(00:06} e6 {(
00:07} 3. Nf3 {(01:18} Bb4+ {(00:25} 4. Nbd2 {(02:10}
d6 {(01:55} 5. g3 {(03:51} O-O {(01:23} 6. Bg2 {
(00:17} Qe7 {(02:05} 7. O-O {(04:10} Bxd2 {(05:
55} 8. Qxd2 {(01:05} e5 {(04:57} 9. b3 {(07:46} Nc6 {
(08:28} 10. d5 {(07:08} Nb8 {(00:49} 11. Bb2 {(
00:47} a5 {(11:43} 12. Nh4 {(02:50} Nh5 {(17:47} 13.
e4 {(01:59} b6 {(05:15} 14. Rae1 {(02:23} g6 {(
07:07} 15. f4 {(05:43} f6 {(03:56} 16. Qd1 {(08:46}
Ng7 {(03:22} 17. fxe5 {(04:48} fxe5 {(03:26} 18. Rxf8+
{(00:38} Qxf8 {(01:03} 19. Rf1 {(00:03} Qe7 {(
00:40} 20. Qf3 {(00:39} Na6 {(01:55} 21. Bc1 {(00:36}
Bd7 {(01:32} 22. Bg5 {(00:40} Qe8 {(04:34} 23. g4 {
(03:49} a4 {(02:11} 24. h3 {(04:03} axb3 {(01:
09} 25. axb3 {(00:03} b5 {(01:49} 26. Qe3 {(00:30}
bxc4 {(01:52} 27. bxc4 {(00:04} Nc5 {(00:56} 28. Bf6 {
(00:04} Ba4 {(02:35} 29. Nf3 {(03:23} Qd7 {(02:
17} 30. Nxe5 {(01:16} dxe5 {(02:49} 31. Qxc5 {(00:05}
Re8 {(00:43} 32. Bxe5 {(00:26} 1-0